 Dungeon Crawl Stone Soup version 0.29.1-12-g30fa7ad0bf (webtiles) character file.

Game seed: 8450470362500983296

41 Radix the Firebug (level 3, -1/19 HPs)
             Began as a Gargoyle Fire Elementalist on Dec 13, 2022.
             Slain by an orc
             ... wielding a +0 falchion
              (5 damage)
             ... on level 3 of the Dungeon.
             The game lasted 00:10:47 (2050 turns).

Radix the Firebug (Gargoyle Fire Elementalist)      Turns: 2050, Time: 00:10:47

Health: -1/19      AC:  6    Str: 17    XL:     3   Next: 52%
Magic:  2/6        EV: 11    Int: 17    God:
Gold:   49         SH:  0    Dex: 10    Spells: 4/7 levels left

rFire   . . .      SeeInvis .   t - +2 dagger (drain)
rCold   . . .      Faith    .   (no shield)
rNeg    + . .      Spirit   .   a - +0 robe
rPois   ∞          Reflect  .   (no helmet)
rElec   +          Harm     .   (no cloak)
rCorr   .          Rampage  .   (no gloves)
Will    .....                   k - +0 pair of boots
Stlth   ++........              (no amulet)
HPRegen 0.06/turn               n - +6 ring of strength
MPRegen 0.10/turn               (no ring)

@: no status effects
A: sickness immunity, AC +3, negative energy resistance 1, electricity
resistance, torment resistance 1, petrification resistance
a: no special abilities


You were on level 3 of the Dungeon.
You visited 1 branch of the dungeon, and saw 3 of its levels.

You collected 49 gold pieces.

Inventory:

Hand Weapons
 f - a +0 dagger
 i - a +2 dagger of holy wrath
 t - a +2 dagger of draining (weapon)
 u - a +2 whip of venom
Missiles
 h - 3 boomerangs
Armour
 a - a +0 robe (worn)
 d - a +0 tower shield
 k - a +0 pair of boots (worn)
Magical Staves
 p - a staff of conjuration
Jewellery
 n - a +6 ring of strength (left hand)
 r - a ring of poison resistance
Scrolls
 e - 3 scrolls of fear {unknown}
 g - 2 scrolls of identify {unknown}
 q - a scroll of blinking {unknown}
 s - a scroll of vulnerability {unknown}
Potions
 b - a potion of magic
 j - 2 potions of lignification {unknown}
 l - a potion of invisibility {unknown}
 m - 2 potions of haste {unknown}
 o - 2 potions of curing {unknown}


   Skills:
 - Level 1.5 Dodging
 - Level 2.1 Stealth
 + Level 2.5 Spellcasting
 + Level 2.3 Conjurations
 + Level 3.5 Fire Magic


You had 4 spell levels left.
You knew the following spells:

 Your Spells              Type           Power      Damage    Failure   Level
a - Foxfire               Conj/Fire      48%        2x1d6     5%          1
b - Scorch                Fire           28%        2d6       7%          2

Your spell library contained the following spells:

 Spells                   Type           Power      Damage    Failure   Level
 Conjure Flame            Conj/Fire      12%        6-21      17%         3
 Inner Flame              Hex/Fire       8%         N/A       26%         3
 Flame Wave               Conj/Fire      12%        2d6       50%         4


Dungeon Overview and Level Annotations

Branches:
Dungeon (3/15)

Altars:

Shops:
D:2 [


Innate Abilities, Weirdness & Mutations

You are immune to sickness and miasma.
Your stone body is resilient. (AC +3)
You are immune to poison.
You resist negative energy. (rN+)
You are resistant to electric shocks. (rElec)
You are resistant to unholy torment.
You are immune to petrification.


Message History

a +2 whip of venom; a +0 ring mail
u - a +2 whip of venom An orc comes into view.
It is wielding a +0 falchion. 2 orcs and a goblin come into view.
The goblin unwields a +0 dagger.
The goblin wields a +0 sling.
The goblin shoots a sling bullet.
The sling bullet closely misses you.
An orc comes into view. It is wielding a +0 dagger.
Casting: Foxfire (safe; 5% risk of failure)
Confirm with . or Enter, or press ? or * to list all spells.
You conjure some foxfire!
Your foxfire dissipates!
The foxfire hits the orc but does no damage.
Casting: Foxfire (safe; 5% risk of failure)
Confirm with . or Enter, or press ? or * to list all spells.
You conjure some foxfire!
The foxfire hits the orc but does no damage.
You hit the orc but do no damage. You hit the orc but do no damage.
The orc hits you with a +0 falchion.
You barely miss the orc. The orc hits you but does no damage.
You hit the orc but do no damage. You drain the orc.
The orc is moderately wounded.
The orc jeers repeatedly.
The orc closely misses you.
You hit the orc but do no damage.
The orc is moderately wounded.
The orc barely misses you.
You hit the orc but do no damage. You drain the orc.
The orc is heavily wounded.
The orc hits you with a +0 falchion!
You hit the orc but do no damage. You drain the orc.
The orc is almost dead.
The orc misses you.
Casting: Foxfire (safe; 5% risk of failure)
Confirm with . or Enter, or press ? or * to list all spells.
You conjure some foxfire!
The orc hits you with a +0 falchion.
* * * LOW HITPOINT WARNING * * *
As you read the scroll labelled LADWUJ UZYW, it crumbles to dust.
The creatures around you are filled with an inner flame!
It was a scroll of immolation.
The orc hits you with a +0 falchion.
You die...

#..#.## #...[.#
##.#.#.#
#.###..###..
#.....## #.#
#####oo# ## #g#.#
#o##.# # #@# ## #.
#v# #.#### #.#
#....######## #.#
#.(.........####.#
.......#.........#
.......#.##.######
.........##.#
#...†.#####.#


You could see 3 orcs and a goblin (inner flame).

Vanquished Creatures
  A dart slug (D:1)
  2 orcs
  6 endoplasms (D:1)
  A giant cockroach (D:1)
  6 goblins
  2 jackals (D:3)
  4 kobolds
  2 ball pythons (D:1)
  A bat (D:1)
  3 frilled lizards
  6 rats
34 creatures vanquished.

Vanquished Creatures (others)
  32 foxfires
32 creatures vanquished.

Grand Total: 66 creatures vanquished

Notes
Turn   | Place    | Note
-------+----------+-------------------------------------------
     0 | D:1      | Radix the Gargoyle Fire Elementalist began the quest for
                  | the Orb.
     0 | D:1      | Reached XP level 1. HP: 10/10 MP: 3/3
   200 | D:1      | Reached XP level 2. HP: 15/15 MP: 1/5
   391 | D:1      | You fall into a shaft and drop 1 floor!
   694 | D:2      | Learned a level 2 spell: Scorch
  1059 | D:1      | Reached XP level 3. HP: 18/19 MP: 6/6
  1543 | D:2      | Found Sowoikum's Armour Shoppe.
  2050 | D:3      | Slain by an orc

Illustrated notes

Levels and vault maps discovered:
D:1:      dpeg_arrival_round_a, layout_basic, nicolae_eternal_life
D:2:      layout_basic, serial_shops, shop_fountains, serial_corexii_hall,
          chequers_hall_statues_wall_a, corexii_hall_statues_x
D:3:      layout_loops_cross, nicolae_overflow_crystal_walls, kennysheep_path_1,
          minmay_misc_feat_cross, minmay_fractal_squares_5, uniq_ijyb,
          uniq_jessica

Skill      XL: |  1  2 |
---------------+-------+-----
Conjurations   | 2 |  2.3
Dodging        | |  1.5
Stealth        | |  2.1
Spellcasting   | |  2.5
Fire Magic     | |  3.5

Action                   || total
-------------------------++-------
Melee: Dagger            ||    81
 Cast: Foxfire           ||    24
       Scorch            ||     2
  Use: Scroll            ||     1
 Stab: Sleeping          ||     2
Armor: Robe              ||    39
Dodge: Dodged            ||    47
